Map: Frozen Temple

Players

Mindele - Winner!

  • Race: Terran Terran
  • League: Bronze

heeroisking

  • Race: Terran Terran
  • League: Bronze

VOD

Have the link to the VOD?

Description

Time

  • Played on: May 13, 2016, 10:10 p.m.
  • Length: 6:10
Show
View Real Time Build Order
Export as new Build Order

Mindele Terran - Winner!

Build Orders:  

Get SALT Encoding   

  12  0:02  SCV  
  13  0:14  SCV  
  13  0:19  Supply Depot  
  14  0:26  SCV  
  15  0:35  Refinery  
  15  0:40  SCV  
  16  0:48  Barracks  
  16  0:52  SCV  
  17  1:04  SCV  
  17  1:09  Supply Depot  
  18  1:16  SCV  
  19  1:23  Barracks  
  18  1:35  Orbital Command  
  18  1:49  Reaper  
  19  2:02  SCV  
  19  2:03  Barracks  
  20  2:14  SCV  
  21  2:17  Barracks  
  21  2:19  Marine  
  22  2:26  SCV  
  23  2:31  Marine  
  24  2:38  Barracks, SCV  
  24  2:42  Reaper  
  24  2:43  Supply Depot  
  26  2:50  SCV  
  27  2:52  Marine  
  27  2:55  Marine  
  29  3:02  SCV  
  30  3:06  Supply Depot  
  30  3:07  Marine  
  31  3:14  Marine, SCV  
  31  3:16  Marine  
  31  3:17  Marine  
  35  3:27  Marine, SCV  
  36  3:28  Supply Depot  
  36  3:29  Marine  
  36  3:33  Marine  
  39  3:36  Marine  
  39  3:39  SCV  
  41  3:44  Marine  
  41  3:48  Marine  
  43  3:49  Marine  
  43  3:51  Supply Depot, SCV  
  43  3:54  Marine  
  45  4:12  Marine x2  
  45  4:14  Marine x2  
  49  4:19  Marine  
  50  4:30  Marine, SCV  
  52  4:32  Marine  
  52  4:34  Supply Depot  
  52  4:36  Marine  
  54  4:42  SCV  
  54  4:45  Marine  
  56  4:47  Marine  
  57  4:53  Marine x2  
  57  4:54  SCV  
  57  4:55  Marine  
  57  4:57  Supply Depot  
  61  5:06  SCV  
  62  5:16  Marine  
  62  5:17  Marine x2  
  53  5:44  Marine  
  53  5:45  Marine x3  
  53  5:46  Marine  
  53  5:58  SCV  
  53  6:00  Supply Depot  
Show
View Real Time Build Order
Export as new Build Order

heeroisking Terran 

Build Orders:  

Get SALT Encoding   

  12  0:15  SCV  
  12  0:17  Supply Depot  
  13  0:27  SCV  
  14  0:39  SCV  
  15  0:46  Barracks  
  15  0:51  SCV  
  16  1:02  Refinery  
  16  1:03  SCV  
  17  1:11  Refinery  
  17  1:34  Supply Depot  
  17  1:44  Orbital Command  
  17  1:52  Barracks  
  17  1:54  Barracks  
  17  2:03  Barracks Reactor  
  17  2:09  SCV  
  18  2:22  SCV  
  19  2:29  Engineering Bay  
  19  2:34  SCV  
  20  2:45  Reaper  
  20  2:46  Reaper x3  
  24  3:02  Factory  
  24  3:22  Terran Infantry Weapons Level 1  
  24  3:38  Barracks Tech Lab  
  24  3:39  Barracks Tech Lab  
  22  4:13  Marauder  
  22  4:14  Marauder  
  24  4:33  Armory  
  24  4:34  Marauder  
  24  4:35  Marauder  
  28  4:38  Marine  
  28  4:40  Starport  
  29  4:55  Marine  
  29  4:56  Marauder x2, Marine  
  35  5:13  Marine  
  35  5:14  Marine  
  27  5:41  Marine x2  
  23  5:43  Marine  
  23  5:44  Marine  
Tags
 
Add a new tag
Caveats
  • Supply blocks, unpowered buildings, or Contaminate may cause inaccurate times.
  • Supply counts are checked every 10 seconds.